 Dungeon Crawl Stone Soup version 0.31.0-32-g396128a36d (webtiles) character file.

Game seed: 820561992285279718

856 GlitchWitch the Sneak (level 8, 0/42 HPs)
             Began as a Vine Stalker Brigand on Mar 18, 2024.
             Slain by an iron imp (5 damage)
             ... on level 4 of the Dungeon.
             The game lasted 00:05:54 (3207 turns).

GlitchWitch the Sneak (Vine Stalker Brigand)        Turns: 3207, Time: 00:05:54

Health: 0/42       AC: 10    Str: 15    XL:     8   Next: 2%
Magic:  0/9        EV: 10    Int: 11    God:
Gold:   290        SH:  0    Dex: 17    Spells: 7/7 levels left

rFire   . . .        a - +3 dagger
rCold   . . .        (no shield)
rNeg    . . .        r - +0 scale mail
rPois   .            i - +0 helmet
rElec   .            c - +0 cloak
rCorr   .            (no gloves)
SInv    .            n - +0 pair of boots
Will    +....        (no amulet)
Stlth   ++           (no ring)
HPRegen 1.07/turn    (no ring)
MPRegen 0.11/turn

%: guardian spirit
@: no status effects
A: fangs 3, regeneration 1, magic shield, antimagic bite, no potion heal 2
a: no special abilities


You were on level 4 of the Dungeon.
You visited 1 branch of the dungeon, and saw 4 of its levels.

You collected 290 gold pieces.


Innate Abilities, Weirdness & Mutations

You have razor-sharp teeth.
Your natural rate of healing is unusually fast.
When hurt, damage is shared between your health and your magic reserves.
Your bite disrupts and absorbs the magic of your enemies.
Potions cannot restore your health.


   Skills:
 + Level 4.7 Fighting
 + Level 4.7 Short Blades
 - Level 1.7 Throwing
 - Level 3.0 Armour
 - Level 3.0 Dodging
 - Level 4.8 Stealth


You had 7 spell levels left.
You didn't know any spells.
Your spell library contained the following spells:

 Spells                   Type           Power      Damage    Failure   Level
 Foxfire                  Conj/Fire      0%         2x1d4     80%         1
 Freeze                   Ice            0%         1d3       80%         1
 Lesser Beckoning         Tloc           0%         N/A       90%         2
 Frozen Ramparts          Ice            0%         1d1       99%         3
 Fugue of the Fallen      Necr           0%         N/A       99%         3
 Gell's Gravitas          Tloc           0%         N/A       99%         3
 Hailstorm                Conj/Ice       0%         3d5       99%         3
 Ozocubu's Armour         Ice            0%         N/A       99%         3
 Teleport Other           Tloc           0%         N/A       99%         3
 Manifold Assault         Tloc           0%         N/A       100%        4
 Plasma Beam              Fire/Air       0%         2x1d10    100%        6
 Starburst                Conj/Fire      0%         6d3       100%        6

Inventory:

Hand Weapons
 a - a +3 dagger (weapon)
Missiles
 d - 9 poisoned darts
 e - a curare-tipped dart (quivered) {=f}
Armour
 c - a +0 cloak (worn)
 i - a +0 helmet (worn)
 n - a +0 pair of boots (worn)
 r - a +0 scale mail (worn)
Talismans
 q - a flux talisman
Wands
 b - a wand of flame (27)
Scrolls
 f - 8 scrolls of noise
 h - 2 scrolls of amnesia {unknown}
 k - 2 scrolls of enchant weapon {unknown}
 l - a scroll of revelation {unknown}
 m - 3 scrolls of identify {@r1}
 o - a scroll of teleportation {unknown}
Potions
 s - a potion of magic

Dungeon Overview and Level Annotations

Branches:
Dungeon (4/15)
 Temple: D:4-7

Altars:
Dithmenos
Elyvilon
Makhleb
Ru
Uskayaw

Annotations:
D:3 3 runed translucent doors, Yoho's ghost, amateur GrBe
D:4 3 runed translucent doors

..................#.#
#..†)##.▒▒
###..............##.#
#..†....▒.
#..............##.#.#.....)▒▒.
#.#.............#.#........▒..
#.#.............#.#####.##.▒..
# #..(...!......#.# #....▒..
#.............#.# ###.▒▒..
#......≈......#.# #.▒ ..
#....≈≈8≈≈.@5.#.#######.▒▒ .
#...≈≈≈.§§≈.5.#..........▒▒▒
#..≈≈.....≈≈..#............▒
#.§≈.......§§.#.............
...⚑...≈≈.#.........####
......§§§.#.....)...####
......§.§.#.........+...
###########.........###.
#...........#.#.


You could see 2 iron imps.


Message History

The iron imp hits you!
* * * LOW HITPOINT WARNING * * *
Unknown command.
You hit the iron imp but do no damage. You hit the iron imp but do no damage.
The iron imp hits you but does no damage.
The iron imp closely misses you.
You hit the iron imp. Your bite misses the iron imp.
The iron imp is lightly wounded.
The iron imp hits you.
* * * LOW HITPOINT WARNING * * *
Unknown command.
Unknown command.
Okay, then.
It was a potion of magic.
Magic courses through your body. The iron imp completely misses you.
It was a potion of mutation.
You feel extremely strange.
You feel stupid.
You feel clever. The iron imp hits you.
* * * LOW HITPOINT WARNING * * *
The iron imp barely misses you.
It was a potion of curing.
That felt strangely inert.
The iron imp hits you.
* * * LOW HITPOINT WARNING * * *
The iron imp hits you but does no damage.
As you read the scroll labelled DYITET MEUSS, it crumbles to dust.
It is a scroll of identify.
f - 8 scrolls of noise The iron imp hits you but does no damage.
The iron imp hits you!
You die...

Skill      XL: |  1  2  3  4  5  6  7 |
---------------+----------------------+-----
Fighting       | 2 3 4 |  4.7
Short Blades   | 2 3 4 |  4.7
Dodging        | 1 2 3 |  3.0
Armour         | 1 2 3 |  3.0
Throwing       | |  1.7
Stealth        | |  4.8

Action                     |  1- 3 |  4- 6 |  7- 9 || total
---------------------------+-------+-------+-------++-------
  Melee: Dagger            |    89 |    87 |   130 ||   306
         Bite              |    14 |    17 |    40 ||    71
         Punch             |     1 |     3 |     1 ||     5
  Throw: Dart              |     2 |     2 |       ||     4
    Use: Potion            |       |       |     3 ||     3
         Scroll            |       |       |     1 ||     1
   Stab: Sleeping          |     5 |     5 |       ||    10
 Armour: Leather armour    |    46 |    45 |    12 ||   103
         Robe              |     4 |       |       ||     4
         Scale mail        |       |       |    86 ||    86
  Dodge: Dodged            |    45 |    32 |    43 ||   120

Levels and vault maps discovered:
D:1:      minmay_arrival_four_houses, layout_rooms
D:2:      layout_basic
D:3:      layout_loops_cross, lemuel_coloured_pillars_altar, pf_just_have_faith,
          ebering_ghost_rock_garden, dk_noncrumbling_3, uniq_grinder
D:4:      layout_basic, elyvilon_altar_1, amcnicky_altar_gilded, demons_altar,
          gammafunk_ghost_icy, chequers_serial_rivers_small_3, uniq_natasha,
          uniq_sigmund

Notes
Turn   | Place    | Note
-------+----------+-------------------------------------------
     0 | D:1      | GlitchWitch the Vine Stalker Brigand began the quest for
                  | the Orb.
     0 | D:1      | Reached XP level 1. HP: 11/11 MP: 2/2
    22 | D:1      | Reached skill level 2 in Fighting
   108 | D:1      | Reached XP level 2. HP: 16/16 MP: 3/3
   220 | D:1      | Reached skill level 3 in Fighting
   348 | D:1      | Reached skill level 2 in Short Blades
   348 | D:1      | Reached XP level 3. HP: 13/20 MP: 4/4
   702 | D:2      | Reached XP level 4. HP: 23/24 MP: 3/5
   846 | D:2      | Reached skill level 3 in Short Blades
   885 | D:2      | Reached skill level 1 in Dodging
   993 | D:2      | Reached skill level 1 in Armour
  1072 | D:2      | Reached XP level 5. HP: 28/28 MP: 4/6
  1359 | D:3      | Found a shadowy altar of Dithmenos.
  1424 | D:3      | Found a runed translucent gate.
  1424 | D:3      | Found a runed translucent gate.
  1424 | D:3      | Found a runed translucent gate.
  1424 | D:3      | Noticed Yoho's ghost (amateur GrBe)
  1507 | D:3      | Reached skill level 2 in Dodging
  1528 | D:3      | Noticed Grinder
  1704 | D:4      | Found a hide-covered altar of Uskayaw.
  1730 | D:4      | Reached skill level 2 in Armour
  1774 | D:4      | Reached XP level 6. HP: 32/32 MP: 7/7
  1952 | D:4      | Noticed Sigmund
  2062 | D:4      | Killed Sigmund
  2063 | D:4      | Reached skill level 3 in Armour
  2063 | D:4      | Reached skill level 3 in Dodging
  2063 | D:4      | Reached XP level 7. HP: 36/36 MP: 8/8
  2109 | D:4      | Found a runed translucent gate.
  2109 | D:4      | Found a runed translucent gate.
  2109 | D:4      | Found a runed translucent gate.
  2284 | D:4      | Noticed Natasha
  2299 | D:4      | Killed Natasha
  2325 | D:4      | Found a white marble altar of Elyvilon.
  2524 | D:3      | Paralysed by Grinder for 2 turns
  2527 | D:3      | Paralysed by Grinder for 5 turns
  2547 | D:3      | Killed Grinder
  2548 | D:3      | Reached skill level 4 in Fighting
  2548 | D:3      | Reached skill level 4 in Short Blades
  2737 | D:3      | Found a sacrificial altar of Ru.
  2848 | D:4      | Noticed Natasha
  2859 | D:4      | Killed Natasha
  3121 | D:4      | Noticed Natasha
  3142 | D:4      | Killed Natasha
  3172 | D:4      | Found a burning altar of Makhleb.
  3196 | D:4      | Gained mutation: You have razor-sharp teeth. [Vine Stalker
                  | growth]
  3196 | D:4      | Reached XP level 8. HP: 27/42 MP: 5/9
  3205 | D:4      | Gained mutation: You are dopey. (Int -2) [potion of
                  | mutation]
  3205 | D:4      | Lost mutation: You are dopey. (Int -2) [potion of mutation]
  3206 | D:4      | HP: 4/42 [iron imp (2)]
  3207 | D:4      | Slain by an iron imp

Vanquished Creatures
  Grinder (D:3)
  Sigmund (D:4)
  An ogre (D:4)
  A jelly (D:4)
  An orc priest (D:4)
  An iron imp (D:4)
  A sleepcap (D:3)
  Natasha (thrice) (D:4)
  2 orc wizards (D:4)
  5 adders
  4 gnolls
  3 dart slugs
  2 ribbon worms
  7 orcs (D:4)
  7 ball pythons
  5 bats
  8 endoplasms
  A giant cockroach (D:3)
  4 goblins
  6 hobgoblins
  6 jackals
  3 quokkas (D:1)
  3 frilled lizards
  6 kobolds
  5 rats
87 creatures vanquished.

Table legend: (Time is in decaauts)
 A = Elapsed time spent in this place.
 B = Non-inter-level travel time spent in this place.
 C = Inter-level travel time spent in this place.
 D = Time resting spent in this place.
 E = Time spent auto-exploring this place.
 F = Levels seen in this place.
 G = Mean time per level.
                   A        B        C        D        E       F      G
               +--------+--------+--------+--------+--------+-----+--------+
         Total |   3158 |   3078 |     80 |    512 |   1817 |   4 |  789.5 |
       Dungeon |   3158 |   3078 |     80 |    512 |   1817 |   4 |  789.5 |
               +--------+--------+--------+--------+--------+-----+--------+

Top non-repeatable levels by time:
     D:4: 1017 daAuts
     D:3: 859 daAuts
     D:2: 704 daAuts
     D:1: 576 daAuts

Table legend:
 A = Non-vault XP
 B = Vault XP
 C = Vault XP percentage of total XP
 D = Non-vault monster count
 E = Vault monster count
 F = Vault count percentage of total count
                 A         B        C        D         E       F
            +---------+---------+-------+---------+---------+-------
      Total |     652 |     572 |  46.7 |      83 |       4 |   4.6
            +---------+---------+-------+---------+---------+-------
        D:1 |      57 |       0 |   0.0 |      24 |       0 |   0.0
        D:2 |     109 |       0 |   0.0 |      21 |       0 |   0.0
        D:3 |      81 |     262 |  76.4 |      16 |       1 |   5.9
        D:4 |     405 |     310 |  43.4 |      22 |       3 |  12.0
            +---------+---------+-------+---------+---------+-------
